woodfighter, neutral female human Healer ----- ------ ----- |....## -------------- #...*.| ##-..?| |...| # |............| ###|....| # |..)| |....`######..............# # |.....# ### |.%%| --.--# |...>........|# ### ------# # ----- ## # |.....o@.....|### # # ### # # |............| ################## # # ### ------.------- ###------------# # ### # # #..`........|# # # ## # |..<^......|######`######## # # # |...........# #---.--# # # -----|------ #-..*.|# # -+------|- # #|....-# # |........+`#################################|....| ### |........| |....| # |........| |....| ###|........| ------ #.........| ---------- woodfighter the Empiric Experience level: 4 Strength: 9 Dexterity: 10 Constitution: 15 Intelligence: 11 Wisdom: 15 Charisma: 17 Health: 0(34) Energy: 28(28) Def: 2 Gold: 625 Moves: 2546 Dungeon seed: moMhd-wlHILJxB_S Game ID: woodfighter_1509793999 Your Inventory: Coins $ - 625 gold pieces Weapons a - a +0 scalpel (weapon in hand) p - 11 +0 darts (in quiver) Armor e - an uncursed +1 pair of leather gloves (being worn) n - an uncursed +0 pair of gauntlets of dexterity r - a blessed +1 studded leather armor Comestibles j - 5 blessed eucalyptus leaves k - 2 blessed sprigs of wolfsbane l - 3 blessed cloves of garlic m - 6 uncursed apples o - 3 uncursed lichen corpses q - an uncursed carrot u - 2 uncursed food rations z - an uncursed eucalyptus leaf A - an uncursed cram ration Scrolls I - an uncursed scroll of scare monster J - an uncursed scroll of enchant armor N - an uncursed scroll of identify P - an uncursed scroll of identify Potions K - a cursed potion of monster detection L - an uncursed potion of extra healing M - an uncursed potion of sleeping Rings O - an uncursed ring of fire resistance Wands f - a wand of sleep (0:8) G - a wand of enlightenment (0:14) Tools b - an uncursed stethoscope C - an uncursed blindfold R - a blessed oil lamp (0:1407) Spells and supernatural/magical abilities: Name Level Category Fail Memory h - healing 1 healing 0% 88% x - extra healing 3 healing 20% 88% S - stone to flesh 3 healing 35% 88% W - pray for help -- divine ? -- Your skills at the end: Miscellaneous Skills wands [Basic] Weapon Skills knife [Basic] Spellcasting Skills healing spells [Basic] Final Attributes: You were devoutly aligned. You were poison resistant. You were stealthy. You were lucky. You are dead. Vanquished creatures: a kitten a homunculus an iguana a giant bat 2 dwarf zombies a coyote a hobbit an acid blob 2 geckos a hobgoblin 3 giant rats 2 cave spiders 6 jackals 4 newts 3 goblins 4 sewer rats 11 grid bugs 5 lichens a kobold zombie 51 creatures vanquished. Voluntary challenges: You did not adorn yourself with jewelry or accessories. You did not cause conflict. You were not invisible. You did not have reflection. You were not displaced. You used a wielded weapon 114 times, starting on turn 4. You did not apply a unicorn horn. You did not use plumbed fixtures. You did not drink any magical draughts. You were illiterate. You never genocided any monsters. You never polymorphed an object. You never changed form. You used no wishes. You never split a pudding. You never wrote Elbereth's name. You never violated your personal moral code. Dungeon overview: The Dungeons of Doom: levels 1 to 7 Level 1 a long staircase Level 2 some fountains Level 3 a general store, some fountains Level 4 stairs to The Gnomish Mines Level 5 some fountains, a sink Level 6 (vault) <- You were here a general store Level 7 The Gnomish Mines: Level 5 stairs to The Dungeons of Doom History has recorded: On T:1 you entered the Dungeons of Doom to retrieve the Amulet of Yendor! On T:120 you reached level 2 of The Dungeons of Doom. On T:554 you advanced to experience level 2. On T:589 you reached level 3 of The Dungeons of Doom. On T:905 you reached level 4 of The Dungeons of Doom. On T:924 you advanced to experience level 3. On T:1141 you prayed to Hermes. On T:1305 you reached level 1 of The Gnomish Mines. On T:1376 you reached level 5 of The Dungeons of Doom. On T:1692 you advanced to experience level 4. On T:1792 you reached level 6 of The Dungeons of Doom. On T:2129 you reached level 7 of The Dungeons of Doom. Score breakdown: Gold: 0 ( 0 points) Experience: 4 levels ( 300 points) Exploration: 7 levels ( 180 points) Discoveries: 9 items ( 450 points) Variety of kills: 19 monsters ( 950 points) Major goal: (nothing yet) ( 0 points) Survival: died (score multiplied by 3) Total score: 5640 Latest messages: The jitterbug bites! (2x) You hack the jitterbug. The jitterbug is moderately wounded. The jitterbug displaces you! The jitterbug bites! (2x) You slash the jitterbug. The jitterbug is moderately wounded. The jitterbug bites! (2x) You miss the jitterbug. The jitterbug displaces you! The jitterbug bites! You slash the gecko. The gecko is moderately wounded. The gecko bites! You hack the gecko. The gecko is heavily wounded. You kill the gecko! The hobgoblin wields a crude dagger! You slash the hobgoblin. The hobgoblin is moderately wounded. The hobgoblin thrusts his crude dagger at you. The hobgoblin stabs you! You hack the hobgoblin. The hobgoblin is heavily wounded. The hobgoblin thrusts his crude dagger at you. The hobgoblin stabs you! You die... Final status: Goodbye woodfighter the Healer, killed by a hobgoblin... You died in The Dungeons of Doom on dungeon level 6 with 5640 points, and 625 pieces of gold, after 2546 moves. You were level 4 with a maximum of 34 hit points when you died.